 Dungeon Crawl Stone Soup version 0.25-a0-734-g73332aeda9 (webtiles) character file.

Game seed: 9017079898339770375, levelgen mode: deterministic

1198 Maedhros the Covert (level 8, -6/50 HPs)
             Began as an Octopode Artificer on Apr 10, 2020.
             Killed by divine providence
             ... invoked by an orc priest
              (8 damage)
             ... on level 5 of the Dungeon.
             The game lasted 00:09:51 (5459 turns).

Maedhros the Covert (Octopode Artificer)            Turns: 5459, Time: 00:09:52

Health: -6/50      AC:  1    Str: 16    XL:     8   Next: 44%
Magic:  13/13      EV: 14    Int: 14    God:
Gold:   310        SH:  0    Dex: 14    Spells: 7/7 levels left

rFire    . . .     SeeInvis .   a - +0 short sword
rCold    . . .     Gourm    .   (no shield)
rNeg     + . .     Faith    .   (helmet restricted)
rPois    .         Spirit   .   (no amulet)
rElec    .         Reflect  .   C - ring of wizardry
rCorr    .         Harm     .   E - +5 ring of strength
MR       .....                  (no ring)
Stlth    +++++.....             K - ring of positive energy
HPRegen  0.16/turn              (no ring)
MPRegen  0.13/turn              (no ring)
                                (no ring)
                                (no ring)

@: no status effects
A: almost no armour, stealthy swim, amphibious, 8 rings, constrict 8, camouflage
1, gelatinous body 1
a: no special abilities


You were on level 5 of the Dungeon.
You were not hungry.

You visited 2 branches of the dungeon, and saw 7 of its levels.
You also visited: Sewer.

You collected 310 gold pieces.

Inventory:

Hand Weapons
 a - a +0 short sword (weapon)
 k - a +1 hunting sling
Missiles
 d - 98 stones
 e - 2 boomerangs (quivered)
 o - 11 sling bullets
 M - 3 datura-tipped darts
Jewellery
 C - a ring of wizardry (left tentacle)
 E - a +5 ring of strength (right tentacle)
 G - an uncursed ring of ice
 K - a ring of positive energy (on tentacle)
Wands
 b - a wand of flame (13)
 c - a wand of enslavement (9)
 j - a wand of acid (5)
 I - a wand of polymorph (7)
Scrolls
 h - a scroll of amnesia
 i - a scroll of remove curse
 l - 2 scrolls of magic mapping
 m - 2 scrolls of teleportation
 n - a scroll of fear
 q - 3 scrolls of enchant armour
 t - 3 scrolls of fog
 B - a scroll of blinking
Potions
 g - 3 potions of curing {unknown}
 r - 2 potions of cancellation {unknown}
 s - 3 potions of lignification {unknown}
 u - 2 potions of degeneration {unknown}
 v - 2 potions of might {unknown}
 w - a potion of mutation {unknown}
 x - 5 potions of flight {unknown}
 z - 3 potions of heal wounds {unknown}
 A - a potion of haste {unknown}
 F - a potion of stabbing {unknown}
 H - a potion of brilliance {unknown}
Comestibles
 f - 18 rations


   Skills:
 + Level 2.3 Fighting
 - Level 1.0 Short Blades
 + Level 2.9 Dodging
 + Level 9.1 Stealth
 * Level 2.9 Unarmed Combat
 - Level 7.3 Evocations


You had 7 spell levels left.
You didn't know any spells.
Your spell library was empty.

Dungeon Overview and Level Annotations

Branches:
Dungeon (6/15)             Temple (1/1) D:6           Sewer (visited)

Altars:
Dithmenos
Elyvilon
Fedhas
Hepliaklqana
Kikubaaqudgha
Makhleb
Nemelex Xobeh
Okawaru
Qazlal
Ru
Sif Muna
Trog
Uskayaw
Vehumet
Wu Jian
Xom
Yredelemnul
Zin
The Shining One

Annotations:
D:6 2 transporters


Innate Abilities, Weirdness & Mutations

You cannot wear most types of armour.
You are very stealthy in the water. (Stealth+)
You are amphibious.
You can wear up to eight rings at the same time.
You can use your tentacles to constrict eight enemies at once.
Your skin changes colour to match your surroundings (Stealth+).
Your rubbery body absorbs attacks. (AC +1, EV +1)


Message History

You hit the human.
The human is severely wounded.
You constrict the human!
You kill the human!
The orc warrior returns to its original shape as it dies.
Your Stealth skill increases to level 9!
The orc priest calls down the wrath of Beogh upon you.
Beogh smites you!
You hit the orc priest. You grab the orc priest.
The orc priest is moderately wounded.
You constrict the orc priest. The orc priest hits you with a +0 whip.
You hit the orc priest.
The orc priest is severely wounded.
You constrict the orc priest.
The orc priest mumbles some strange prayers to Beogh against you.
Beogh smites you!
* * * LOW HITPOINT WARNING * * *
The orc priest mumbles some strange prayers to Beogh against you.
Beogh smites you!
You die...

####### #.#.....### #...#
#.##.##...####..##
####.##.####..##...#
#.........###.....##
#........[###..##.####
#....>....##......)...
#####..)............)...
#......##.<.)...............
#........#..@).(.(...........
#............o................
#.............................
####...................).........
......................(....(.....
.............................>...
...≈≈≈.......#...<...............
..≈≈≈≈≈........#######.[.....[...
..≈≈.≈≈......o.................#.


You could see an orc priest.

Vanquished Creatures
  A human (D:5)
  Purgy (D:3)
  An ice beast (D:3)
  2 big kobolds
  A scorpion (D:6)
  A howler monkey (D:6)
  A crimson imp (D:5)
  4 orc wizards
  A hound (D:4)
  3 orc priests
  2 worker ants
  A worker ant zombie (D:6)
  5 gnolls
  10 adders
  4 river rats
  2 oozes
  5 worms
  A dart slug (D:2)
  4 leopard geckos
  16 orcs
  5 bats
  4 giant cockroaches
  7 hobgoblins
  6 jackals
  15 kobolds
  2 quokkas
  8 ball pythons
  4 frilled lizards
  7 goblins
  A quokka skeleton (D:5)
  12 rats
137 creatures vanquished.

Vanquished Creatures (collateral kills)
  An adder (Sewer)
  3 orcs (D:5)
  A jackal (D:2)
  A kobold (D:2)
6 creatures vanquished.

Vanquished Creatures (others)
  An adder (Sewer)
  A shadow imp (D:5)
  A ball python (D:5)
3 creatures vanquished.

Grand Total: 146 creatures vanquished

Notes
Turn   | Place    | Note
-------+----------+-------------------------------------------
     0 | D:1      | Maedhros the Octopode Artificer began the quest for the
                  | Orb.
     0 | D:1      | Reached XP level 1. HP: 13/13 MP: 3/3
   112 | D:1      | Reached skill level 2 in Stealth
   133 | D:2      | Reached XP level 2. HP: 18/18 MP: 4/4
   254 | D:3      | Reached skill level 3 in Stealth
   254 | D:3      | Reached XP level 3. HP: 20/23 MP: 4/6
   298 | D:3      | Noticed an ice beast
   312 | D:3      | Killed an ice beast
   312 | D:3      | Reached skill level 5 in Stealth
   312 | D:3      | Reached skill level 5 in Evocations
   312 | D:3      | Reached XP level 4. HP: 28/28 MP: 7/7
   312 | D:3      | Reached XP level 5. HP: 33/33 MP: 8/8
   398 | D:3      | Noticed Purgy
   402 | D:3      | Killed Purgy
   402 | D:3      | Reached skill level 6 in Stealth
   402 | D:3      | Reached XP level 6. HP: 31/38 MP: 8/10
   500 | D:3      | Found a glowing golden altar of the Shining One.
  1005 | D:4      | Reached skill level 7 in Stealth
  1365 | D:4      | Found a shadowy altar of Dithmenos.
  1407 | D:5      | Entered Level 5 of the Dungeon
  1423 | D:5      | Reached XP level 7. HP: 32/43 MP: 11/11
  1511 | D:5      | Found a glowing drain.
  1568 | Sewer    | Entered a sewer
  1662 | Sewer    | Reached skill level 8 in Stealth
  2541 | D:6      | Noticed a kobold demonologist
  2549 | D:6      | Found a transporter.
  2560 | D:6      | Noticed a kobold demonologist
  2656 | D:6      | Found a sacrificial altar of Ru.
  2681 | D:6      | Reached skill level 1 in Unarmed Combat
  2688 | D:6      | Reached XP level 8. HP: 14/48 MP: 13/13
  3008 | D:6      | Found a staircase to the Ecumenical Temple.
  3033 | D:6      | Found a transporter.
  3049 | Temple   | Entered the Ecumenical Temple
  5456 | D:5      | Reached skill level 9 in Stealth
  5459 | D:5      | HP: 2/50 [orc priest/divine providence (15)]
  5459 | D:5      | Killed from afar by an orc priest

Levels and vault maps discovered:
D:1:      beargit_arrival_greenhouse, layout_basic
D:2:      layout_rooms
D:3:      layout_loops_corners, nicolae_overflow_hidden_temple, first_ration,
          uniq_purgy
D:4:      layout_gridville, nicolae_dithmenos_through_a_glass_darkly
D:5:      layout_rooms, portal_sewer_entry_a, grunt_gozag_breadcrumbs
D:6:      gammafunk_wand_slinger, layout_loops_ring, lemuel_crystal_altar,
          minmay_temple_entry_junction
Temple:   eino_temple_rhombus

Skill      XL: |  1  2  3  4  5  6  7  8 |
---------------+-------------------------+-----
Stealth        | 2 3 5 6 7 8 9 |  9.1
Evocations     | 4 5 6 7 |  7.3
Unarmed Combat | 1 2 |  2.9
Fighting       | 2 |  2.3
Short Blades   | |  1.0
Dodging        | |  2.9

Action                   |  1- 3 |  4- 6 |  7- 9 || total
-------------------------+-------+-------+-------++-------
Melee: Short sword       |    23 |    54 |   193 ||   270
       Tentacles         |     6 |     7 |    41 ||    54
       Constrict         |     6 |    13 |    55 ||    74
       Punch             |       |       |     2 ||     2
Evoke: Wand              |     5 |     3 |    20 ||    28
  Use: Scroll            |       |       |    12 ||    12
 Stab: Sleeping          |     5 |     9 |    23 ||    37
       Distracted        |     1 |     1 |       ||     2
       Betrayed ally     |       |       |     1 ||     1
  Eat: Chunk             |       |     2 |    10 ||    12
       Ration            |       |       |     1 ||     1
Armor: Skin              |     4 |       |     8 ||    12
Dodge: Dodged            |    10 |    34 |   132 ||   176

Table legend:
 A = Non-vault XP
 B = Vault XP
 C = Vault XP percentage of total XP
 D = Non-vault monster count
 E = Vault monster count
 F = Vault count percentage of total count
                 A         B        C        D         E       F
            +---------+---------+-------+---------+---------+-------
      Total |    1373 |     339 |  19.8 |     115 |      28 |  19.6
            +---------+---------+-------+---------+---------+-------
        D:1 |      35 |       0 |   0.0 |      23 |       0 |   0.0
        D:2 |      62 |       0 |   0.0 |      14 |       0 |   0.0
        D:3 |     318 |     138 |  30.3 |      35 |       1 |   2.8
        D:4 |     210 |       0 |   0.0 |       9 |       0 |   0.0
        D:5 |     508 |      36 |   6.6 |      26 |       5 |  16.1
        D:6 |     240 |       0 |   0.0 |       8 |       0 |   0.0
      Sewer |       0 |     165 | 100.0 |       0 |      22 | 100.0
            +---------+---------+-------+---------+---------+-------
